 Dungeon Crawl Stone Soup version 0.25.0-9-g26727b657a (webtiles) character file.

Game seed: 7389207887132737025

627 Exodus22XD the Poker (level 7, -4/52 HPs)
             Began as a Demonspawn Gladiator on June 21, 2020.
             Slain by Menkaure (18 damage)
             ... on level 5 of the Dungeon.
             The game lasted 00:05:07 (4204 turns).

Exodus22XD the Poker (Demonspawn Gladiator)         Turns: 4204, Time: 00:05:07

Health: -4/52      AC: 14    Str: 16    XL:     7   Next: 23%
Magic:  7/7        EV:  8    Int: 10    God:
Gold:   202        SH:  0    Dex: 14    Spells: 6/6 levels left

rFire    . . .     SeeInvis +   a - +0 trident
rCold    . . .     Gourm    .   (no shield)
rNeg     . . .     Faith    .   H - +2 chain mail {rPois}
rPois    +         Spirit   .   c - +0 helmet
rElec    .         Reflect  .   u - scarf {repulsion}
rCorr    .         Harm     .   (no gloves)
MR       .....                  (no boots)
Stlth    ..........             (no amulet)
HPRegen  0.17/turn              y - ring of see invisible
MPRegen  0.10/turn              m - ring of attention (curse)

@: repel missiles
A: talons 1, slimy green scales 1, rot immunity
a: no special abilities


You were on level 5 of the Dungeon.
You were not hungry.

You visited 1 branch of the dungeon, and saw 5 of its levels.

You collected 202 gold pieces.

Inventory:

Hand Weapons
 a - a +0 trident (weapon)
Missiles
 d - 3 throwing nets (quivered)
Armour
 c - a +0 helmet (worn)
 u - a scarf of repulsion (worn)
 H - a +2 chain mail of poison resistance (worn)
Jewellery
 k - an uncursed ring of fire
 m - a cursed ring of attention (right hand)
 o - an uncursed ring of stealth
 y - a ring of see invisible (left hand)
 E - an uncursed ring of protection from fire {unknown}
Wands
 l - a wand of random effects (29)
 q - a wand of digging (10)
 B - a wand of polymorph (3)
Scrolls
 i - 2 scrolls of identify
 j - 2 scrolls of enchant weapon
 n - a scroll of magic mapping
 s - a scroll of fog
 x - a scroll of noise {unknown}
 C - a scroll of teleportation {unknown}
 F - a scroll of blinking {unknown}
 G - a scroll of amnesia {unknown}
Potions
 e - 2 potions of curing
 g - a potion of heal wounds {unknown}
 h - a potion of cancellation {unknown}
 p - 3 potions of ambrosia
 r - a potion of magic {unknown}
 w - a potion of flight {unknown}
 z - a potion of might {unknown}
 A - a potion of brilliance {unknown}
 I - a potion of degeneration {unknown}
Comestibles
 f - 6 rations


   Skills:
 + Level 3.1 Fighting
 + Level 5.5 Polearms
 - Level 1.7 Throwing
 + Level 3.3 Armour
 + Level 3.8 Dodging
 + Level 1.3 Stealth


You had 6 spell levels left.
You didn't know any spells.
Your spell library was empty.

Dungeon Overview and Level Annotations

Branches:
Dungeon (5/15)
 Temple: D:4-7

Altars:
Cheibriados
Dithmenos
Elyvilon
Hepliaklqana
Ru
Sif Muna
Yredelemnul
Zin
The Shining One

Annotations:
D:4 3 runed translucent doors, Delamore's ghost, amateur GrFi
D:5 Menkaure


Innate Abilities, Weirdness & Mutations

You have sharp toenails.
You are partially covered in slimy green scales. (AC +2)
You are immune to rotting.


Message History

Attack whom?
Press: ? - help, Dir - move target cursor, f - Menkaure
Aim: Menkaure (fast)
You reach to attack!
You hit Menkaure.
Menkaure is moderately damaged.
Menkaure hits you!!
You puncture Menkaure!
Menkaure is severely damaged.
The centaur unwields a +0 shortbow.
The centaur hits you but does no damage.
Menkaure calls on the powers of darkness!
The centaur convulses!
Your body is wracked with pain!
You are too injured to fight recklessly!
You are too injured to fight recklessly!
You closely miss Menkaure. Your kick misses Menkaure.
Menkaure is severely damaged.
The centaur hits you.
* * * LOW HITPOINT WARNING * * *
Menkaure hits you!!
You die...

#.<.......#
#.........#
#.......>.#
#.........#
#.........#
+.(.......#
#.(.......#
#%.(......#
#...@.....#
#...Mc....#
#.........#
#.........#
#...<.....#
#.........#
+.......?.#
#.........#


You could see Menkaure (fast) and a centaur.

Vanquished Creatures
  Sigmund (D:3)
  A phantom (D:4)
  A sky beast (D:4)
  A scorpion (D:4)
  An orc priest (D:4)
  Natasha (thrice) (D:3)
  An iguana (D:4)
  2 adders
  A shadow imp (D:4)
  2 oozes (D:2)
  3 worms (D:2)
  2 dart slugs
  A leopard gecko (D:3)
  4 orcs
  4 giant cockroaches
  9 hobgoblins
  3 jackals (D:4)
  4 kobolds
  2 bats
  5 frilled lizards
  4 goblins
  A jackal skeleton (D:4)
  7 rats
63 creatures vanquished.

Notes
Turn   | Place    | Note
-------+----------+-------------------------------------------
     0 | D:1      | Exodus22XD the Demonspawn Gladiator began the quest for the
                  | Orb.
     0 | D:1      | Reached XP level 1. HP: 16/16 MP: 1/1
   135 | D:1      | Reached skill level 3 in Polearms
   192 | D:1      | Gained mutation: You have sharp toenails. [demonic
                  | ancestry]
   192 | D:1      | Reached XP level 2. HP: 22/22 MP: 2/2
   862 | D:2      | Reached XP level 3. HP: 27/27 MP: 3/3
  1177 | D:2      | Found a shadowy altar of Dithmenos.
  1178 | D:2      | Found a shimmering blue altar of Sif Muna.
  1248 | D:2      | Found a basalt altar of Yredelemnul.
  1473 | D:2      | Found a glowing golden altar of the Shining One.
  1473 | D:2      | Found a glowing silver altar of Zin.
  1473 | D:2      | Found a white marble altar of Elyvilon.
  1505 | D:3      | Noticed Natasha
  1510 | D:3      | Killed Natasha
  1510 | D:3      | Gained mutation: You are immune to rotting. [demonic
                  | ancestry]
  1510 | D:3      | Reached XP level 4. HP: 25/33 MP: 4/4
  1533 | D:3      | Noticed Natasha
  1544 | D:3      | Killed Natasha
  1544 | D:3      | Reached skill level 4 in Polearms
  1544 | D:3      | Reached skill level 1 in Armour
  1637 | D:3      | Noticed Natasha
  1750 | D:3      | Killed Natasha
  2235 | D:3      | Reached XP level 5. HP: 35/39 MP: 5/5
  2624 | D:3      | Noticed Sigmund
  2636 | D:3      | Killed Sigmund
  2636 | D:3      | Reached skill level 1 in Stealth
  2636 | D:3      | Reached XP level 6. HP: 27/46 MP: 6/6
  2830 | D:4      | Found a sacrificial altar of Ru.
  2830 | D:4      | Found a snail-covered altar of Cheibriados.
  2831 | D:4      | Found a hazy altar of Hepliaklqana.
  2863 | D:4      | Reached skill level 5 in Polearms
  2984 | D:4      | Found a runed translucent gate.
  2984 | D:4      | Found a runed translucent gate.
  2984 | D:4      | Found a runed translucent gate.
  3521 | D:4      | Noticed a sky beast
  3530 | D:4      | Killed a sky beast
  3530 | D:4      | Gained mutation: You are partially covered in slimy green
                  | scales. (AC +2) [demonic ancestry]
  3530 | D:4      | Reached XP level 7. HP: 31/52 MP: 7/7
  3827 | D:4      | Noticed Delamore's ghost (amateur GrFi)
  4193 | D:5      | Entered Level 5 of the Dungeon
  4198 | D:5      | Noticed Menkaure
  4204 | D:5      | Slain by Menkaure

Illustrated notes

Levels and vault maps discovered:
D:1:      dpeg_arrival_arbitrary_c, layout_basic
D:2:      layout_rooms, good_gods_mini_temple, gammafunk_temple_overflow_claw,
          glass_columns_b, chequers_hall_statues_y
D:3:      layout_rooms, uniq_natasha, uniq_sigmund
D:4:      layout_basic, chequers_temple_overflow_statue_of_worship,
          first_ration, gammafunk_ghost_icy
D:5:      layout_gridville, nicolae_qazlal_style_of_elements,
          minmay_temple_entry_mini_moons, cheibrodos_ashenzari_chains,
          uniq_blork_the_orc, uniq_menkaure

Skill      XL: |  1  2  3  4  5  6 |
---------------+-------------------+-----
Polearms       | 3 4 5 |  5.5
Dodging        | 3 |  3.8
Armour         | 1 2 3 |  3.3
Stealth        | 1 |  1.3
Fighting       | 3 |  3.1
Throwing       | |  1.7

Action                   |  1- 3 |  4- 6 |  7- 9 || total
-------------------------+-------+-------+-------++-------
Melee: Trident           |   116 |   121 |    19 ||   256
       Kick              |    15 |    28 |     1 ||    44
  Use: Scroll            |       |     5 |       ||     5
 Stab: Sleeping          |     1 |       |       ||     1
  Eat: Chunk             |     2 |     5 |       ||     7
       Ration            |       |       |     1 ||     1
Armor: Leather armour    |    23 |     1 |       ||    24
       Ring mail         |       |    20 |     7 ||    27
       Chain mail        |       |       |     2 ||     2
Dodge: Dodged            |    49 |    61 |     7 ||   117
       Repelled          |       |     2 |     1 ||     3
